 Dungeon Crawl Stone Soup version 0.28-b1-25-g9875b3fc8c (webtiles) character file.

Game seed: 12558060285540542812

37 Charly the Magician (level 3, -1/21 HPs)
             Began as a Deep Elf Transmuter on Feb 7, 2022.
             Slain by a gnoll (4 damage)
             ... on level 2 of the Dungeon.
             The game lasted 00:18:38 (5010 turns).

Charly the Magician (Deep Elf Transmuter)           Turns: 5010, Time: 00:18:38

Health: -1/21      AC:  2    Str:  7    XL:     3   Next: 21%
Magic:  9/9        EV: 12    Int: 19    God:
Gold:   63         SH:  0    Dex: 15    Spells: 5/8 levels left

rFire   . . .      SeeInvis .   b - +0 hunting sling
rCold   . . .      Faith    .   (no shield)
rNeg    . . .      Spirit   .   g - +0 robe
rPois   +          Reflect  .   (no helmet)
rElec   .          Harm     .   (no cloak)
rCorr   +          Rampage  .   (no gloves)
Will    .....                   (no boots)
Stlth   ++........              (no amulet)
HPRegen 0.07/turn               p - ring of poison resistance
MPRegen 0.11/turn               C - ring of resist corrosion

@: no status effects
A: no striking features
a: no special abilities


You were on level 2 of the Dungeon.
You visited 1 branch of the dungeon, and saw 2 of its levels.

You collected 63 gold pieces.

Inventory:

Hand Weapons
 a - a +0 rapier
 b - a +0 hunting sling (weapon)
Missiles
 c - 52 stones
 i - 46 arrows
 k - 16 sling bullets (quivered ammo)
Armour
 g - a +0 robe (worn)
Jewellery
 p - a ring of poison resistance (left hand)
 C - a ring of resist corrosion (right hand)
Scrolls
 e - a scroll of amnesia
 f - a scroll of vulnerability
 h - a scroll of enchant armour {unknown}
 j - 2 scrolls of silence
 l - a scroll of enchant weapon {unknown}
Potions
 d - 2 potions of attraction


   Skills:
 + Level 1.9 Fighting
 - Level 2.4 Dodging
 + Level 2.5 Stealth
 - Level 2.4 Unarmed Combat
 - Level 3.0 Spellcasting
 - Level 2.1 Transmutations


You had 5 spell levels left.
You knew the following spells:

 Your Spells              Type           Power      Damage    Failure   Level
a - Beastly Appendage     Tmut           22%        N/A       6%          1
w - Wereblood             Tmut           11%        N/A       10%         2

Your spell library contained the following spells:

 Spells                   Type           Power      Damage    Failure   Level
 Spider Form              Tmut/Pois      7%         N/A       28%         3
 Ice Form                 Ice/Tmut       7%         N/A       67%         4
 Airstrike                Air            1%         N/A       83%         4
 Summon Lightning Spire   Summ/Air       2%         N/A       83%         4
 Lightning Bolt           Conj/Air       1%         1d12      99%         5


Dungeon Overview and Level Annotations

Branches:
Dungeon (2/15)

Altars:

Annotations:
D:2 exclusion: gnoll


Message History

Your hearing returns.
Found 16 sling bullets.
You see here 16 sling bullets.
k - 16 sling bullets A kobold comes into view.
It is wielding a +0 dagger.
You shoot a sling bullet. The sling bullet hits the kobold.
You kill the kobold!
Found a scroll labelled ROUXTI JOMEQ.
k - 16 sling bullets (gained 1);
c - 52 stones (gained 4)
You see here a +0 dagger.
l - a scroll labelled ROUXTI JOMEQ
Found a stone staircase leading down.
There is a stone staircase leading down here.
Found a stone staircase leading down.
There is a stone staircase leading down here.
Things that are here:
a +0 dagger; a goblin skeleton
There is a stone staircase leading up here.
Things that are here:
a +0 dagger; a goblin skeleton 3 gnolls come into view.
The gnoll shouts! x3; You hear a shout!
The gnoll hits you from afar with a +0 spear.
The gnoll throws a throwing net.
The throwing net hits you.
You become entangled in the net!
You see here a throwing net.
You struggle against the net.
You struggle against the net.
The gnoll hits you from afar with a +0 spear!
You struggle against the net.
The gnoll hits you from afar with a +0 spear!
* * * LOW HITPOINT WARNING * * *
You struggle against the net.
The gnoll hits you from afar with a +0 spear.
* * * LOW HITPOINT WARNING * * *
Okay, then.
You rip the net and break free!
The gnoll misses you.
Okay, then.
The gnoll hits you from afar with a +0 spear.
You die...

# ##########)# # #.# # #.# # #.#
# ##############.# #
#...........>..#
#################>##############
#.........ggg..##.#
..##########.#g.@.# ..# #...####
.## ##### ## #


You could see 4 gnolls.

Vanquished Creatures
  2 dart slugs (D:1)
  4 endoplasms
  A giant cockroach (D:1)
  3 goblins
  4 hobgoblins
  5 kobolds
  3 quokkas
  3 ball pythons (D:1)
  A frilled lizard (D:1)
  A rat (D:2)
27 creatures vanquished.

Notes
Turn   | Place    | Note
-------+----------+-------------------------------------------
     0 | D:1      | Charly the Deep Elf Transmuter began the quest for the Orb.
     0 | D:1      | Reached XP level 1. HP: 11/11 MP: 6/6
   490 | D:1      | Reached skill level 1 in Fighting
   629 | D:1      | Reached skill level 1 in Stealth
   884 | D:1      | Reached XP level 2. HP: 12/16 MP: 6/8
   958 | D:1      | Learned a level 2 spell: Wereblood
  2300 | D:1      | Found a faded altar of an unknown god.
  3462 | D:1      | Found a faded altar of an unknown god.
  4054 | D:2      | Reached XP level 3. HP: 21/21 MP: 9/9
  4984 | D:2      | HP: 1/21 [gnoll (2)]
  5010 | D:2      | Slain by a gnoll

Illustrated notes

Levels and vault maps discovered:
D:1:      dpeg_arrival_castle, layout_loops_corners,
          shapermc_ecumenical_altar_mp_vishouse, kennysheep_another_room,
          st_stairs_9
D:2:      layout_loops_ring

Skill      XL: |  1  2 |
---------------+-------+-----
Fighting       | 1 |  1.9
Stealth        | 1 2 |  2.5
Dodging        | |  2.4
Unarmed Combat | |  2.4
Spellcasting   | |  3.0
Transmutations | |  2.1

Action                   || total
-------------------------++-------
Melee: Unarmed           ||    43
       Headbutt          ||     7
       Kick              ||    14
       Rapier            ||    17
 Fire: Hunting sling     ||    27
Throw: Stone             ||    46
 Cast: Beastly Appendage ||    21
  Use: Scroll            ||     4
Armor: Robe              ||    19
Dodge: Dodged            ||    49
